 Dungeon Crawl Stone Soup version 0.30.0-5-g1a98f26d00 (webtiles) character file.

Game seed: 9512736191297497357

529 jimonade the Trooper (level 7, -2/55 HPs)
             Began as a Mummy Monk on May 11, 2023.
             Slain by Edmund
             ... wielding a +1 dire flail of protection
              (3 damage)
             ... on level 3 of the Dungeon.
             The game lasted 00:05:26 (3393 turns).

jimonade the Trooper (Mummy Monk)                   Turns: 3393, Time: 00:05:27

Health: -2/55      AC: 19    Str: 14    XL:     7   Next: 3%
Magic:  7/7        EV:  7    Int: 12    God:
Gold:   253        SH:  0    Dex: 14    Spells: 6/6 levels left

rFire   x . .        a - +2 long sword (protect)
rCold   + . .        c - orb {light}
rNeg    + + +        d - +0 chain mail
rPois   ∞            i - +0 helmet
rElec   .            l - +0 cloak
rCorr   .            (no gloves)
SInv    +            h - +0 pair of boots
Will    .....        (no amulet) Stlth
                     m - ring of see invisible
HPRegen 0.29/turn    (no ring)
MPRegen 0.10/turn

%: faith
@: under a protective aura, glowing
A: cold resistance 1, negative energy resistance 3, torment resistance 2, heat
vulnerability 1, in touch with death 1, no potions, faith
a: no special abilities


You were on level 3 of the Dungeon.
You visited 1 branch of the dungeon, and saw 4 of its levels.

You collected 253 gold pieces.

Inventory:

Hand Weapons
 a - a +2 long sword of protection (weapon)
 p - a +0 whip
 q - a +0 mace
Missiles
 f - 2 poisoned darts (quivered)
 g - 19 stones
 t - a throwing net
Armour
 c - an orb of light (worn)
 d - a +0 chain mail (worn)
 h - a +0 pair of boots (worn)
 i - a +0 helmet (worn)
 l - a +0 cloak (worn)
Jewellery
 m - a ring of see invisible (left hand)
Wands
 r - a wand of roots (4)
Scrolls
 b - 2 scrolls of poison {unknown}
 e - 2 scrolls of blinking {unknown}
 j - a scroll of fog {unknown}
 k - a scroll of silence {unknown}
 n - 3 scrolls of enchant armour {unknown}
 o - a scroll of magic mapping {unknown}
 s - a scroll of identify {unknown}
 u - a scroll of teleportation {unknown}


   Skills:
 + Level 4.4 Fighting
 + Level 3.7 Long Blades
 - Level 3.2 Maces & Flails
 + Level 2.4 Armour
 + Level 3.0 Dodging


You had 6 spell levels left.
You didn't know any spells.
Your spell library was empty.

Dungeon Overview and Level Annotations

Branches:
Dungeon (4/15)
 Temple: D:4-7

Altars:
Fedhas
Hepliaklqana
Makhleb

Annotations:
D:3 Edmund
D:4 Eustachio, Sigmund


Innate Abilities, Weirdness & Mutations

You are immune to poison.
Your flesh is cold resistant. (rC+)
You are immune to negative energy. (rN+++)
You are immune to unholy pain and torment.
You are vulnerable to heat. (rF-)
You are in touch with the powers of death.
You do not drink.
You have a special connection with the divine. (Faith)


Message History

Edmund hits you with a +1 dire flail of protection!
You hit Edmund but do no damage.
Edmund is moderately wounded.
Edmund hits you with a +1 dire flail of protection.
* * * LOW HITPOINT WARNING * * *
You barely miss Edmund.
Edmund is moderately wounded.
Edmund hits you but does no damage. x2
You hit Edmund.
Edmund is heavily wounded.
Edmund hits you with a +1 dire flail of protection.
* * * LOW HITPOINT WARNING * * *
You barely miss Edmund.
Edmund is heavily wounded.
Edmund closely misses you.
You hit Edmund.
Edmund is heavily wounded.
Edmund hits you with a +1 dire flail of protection.
* * * LOW HITPOINT WARNING * * *
You slash Edmund!
Edmund is almost dead.
Edmund hits you but does no damage.
You hit Edmund but do no damage.
Edmund is almost dead.
Edmund barely misses you. Edmund hits you but does no damage.
You hit Edmund but do no damage.
Edmund is almost dead.
Edmund hits you but does no damage.
You barely miss Edmund.
Edmund is almost dead.
Edmund hits you with a +1 dire flail of protection.
* * * LOW HITPOINT WARNING * * *
You hit Edmund but do no damage.
Edmund is almost dead.
Edmund hits you with a +1 dire flail of protection.
* * * LOW HITPOINT WARNING * * *
You hit Edmund.
Edmund is almost dead.
Edmund hits you with a +1 dire flail of protection.
You die...

####.###.##.# #.#.# #.#
#.##.....#######.#.# #..
#.##.....#.......#.# #..
#.##.....#.#####.#.#####..
#.##....)#.# #...........
#.##.....#.# #..#.######.
#.##.....#.# #..#.# #.
#.##.....#.####.##.## #.
#.###....@...#.)....# #.
#.# ####.)@..#.###.######.
#.# #........)[...........
#.# #.##.#......##########
#.###.##.#.).#...##
#.#.........)#.#..#
#.#.#.##........#.#
#.#.............#.# ####
#.#.............#.# #...


You could see Edmund.

Vanquished Creatures
  Grinder (D:3)
  A phantom (D:4)
  An orc priest (D:3)
  Jessica (D:3)
  An orc wizard (D:3)
  Ijyb (D:3)
  A sleepcap (D:4)
  3 gnolls (D:4)
  An adder (D:3)
  3 dart slugs
  10 orcs
  8 endoplasms
  2 giant cockroaches (D:1)
  10 hobgoblins
  2 quokkas
  5 ball pythons
  3 bats
  3 frilled lizards
  7 goblins
  9 kobolds
  5 rats
78 creatures vanquished.

Notes
Turn   | Place    | Note
-------+----------+-------------------------------------------
     0 | D:1      | jimonade the Mummy Monk began the quest for the Orb.
     0 | D:1      | Reached XP level 1. HP: 18/18 MP: 1/1
   166 | D:1      | Reached XP level 2. HP: 20/24 MP: 2/2
   512 | D:1      | Gained mutation: You are in touch with the powers of death.
                  | [Mummy growth]
   512 | D:1      | Reached XP level 3. HP: 27/29 MP: 3/3
  1187 | D:2      | Found a hazy altar of Hepliaklqana.
  1599 | D:3      | Reached skill level 1 in Armour
  1599 | D:3      | Reached XP level 4. HP: 13/35 MP: 4/4
  1909 | D:3      | Noticed Grinder
  1918 | D:3      | Paralysed by Grinder for 4 turns
  1926 | D:3      | Paralysed by Grinder for 2 turns
  1934 | D:3      | Found a burning altar of Makhleb.
  1939 | D:3      | Paralysed by Grinder for 3 turns
  1944 | D:3      | Killed Grinder
  1945 | D:3      | Reached skill level 4 in Fighting
  1945 | D:3      | Reached XP level 5. HP: 21/42 MP: 5/5
  1945 | D:3      | Reached XP level 6. HP: 24/48 MP: 6/6
  2240 | D:3      | Noticed Jessica
  2251 | D:3      | Killed Jessica
  2665 | D:3      | Noticed Ijyb
  2683 | D:3      | Killed Ijyb
  2804 | D:4      | Noticed Sigmund
  2987 | D:4      | Found a blossoming altar of Fedhas.
  3286 | D:4      | Noticed Eustachio
  3311 | D:3      | Reached XP level 7. HP: 55/55 MP: 7/7
  3362 | D:4      | Noticed Edmund
  3392 | D:3      | HP: 1/55 [Edmund/+1 dire flail of protection (4)]
  3393 | D:3      | Slain by Edmund

Illustrated notes

Levels and vault maps discovered:
D:1:      co_arrival_random_square_maze, layout_basic, minmay_curled_crystal,
          st_stairs_1, minmay_quantized
D:2:      layout_rooms, basic_altar, st_stairs_4
D:3:      layout_basic, gammafunk_temple_overflow_pools, uniq_jessica,
          uniq_ijyb, uniq_grinder
D:4:      kennysheep_big_flooded_room, layout_basic,
          grunt_temple_overflow_gold_and_silver, fedhas_altar_2, uniq_edmund,
          uniq_eustachio, uniq_sigmund

Skill      XL: |  1  2  3  4  5  6 |
---------------+-------------------+-----
Maces & Flails | 3 |  3.2
Armour         | 1 2 |  2.4
Fighting       | 4 |  4.4
Long Blades    | 2 3 |  3.7
Dodging        | 3 |  3.0

Action                     |  1- 3 |  4- 6 |  7- 9 || total
---------------------------+-------+-------+-------++-------
  Melee: Mace              |   118 |       |       ||   118
         Long sword        |    17 |    92 |    25 ||   134
 Armour: Chain mail        |    97 |    70 |    15 ||   182
  Dodge: Dodged            |    66 |    20 |     5 ||    91
